 Dungeon Crawl Stone Soup version 0.28.0-45-g0d030f2227 (webtiles) character file.

Game seed: 11595909722688541547

4538 CryoSword the Fighter (level 10, -3/83 HPs)
             Began as a Formicid Fighter on Apr 8, 2022.
             Was an Initiate of Gozag.
             Slain by a skeletal warrior
             ... wielding a +0 short sword
             ... led by a skeletal warrior
              (21 damage)
             ... on level 8 of the Dungeon.
             The game lasted 00:17:06 (9281 turns).

CryoSword the Fighter (Formicid Fighter)            Turns: 9281, Time: 00:17:06

Health: -3/83      AC:  7    Str: 22    XL:     10   Next: 66%
Magic:  10/10      EV: 12    Int:  9    God:    Gozag
Gold:   1017       SH: 10    Dex: 12    Spells: 9/9 levels left

rFire   . . .      SeeInvis +   J - +0 lajatang
rCold   + . .      Faith    .   A - +0 kite shield
rNeg    . . .      Spirit   .   p - +0 troll leather armour {Pargi}
rPois   .          Reflect  .   (helmet unavailable)
rElec   .          Harm     .   (no cloak)
rCorr   .          Rampage  .   h - +1 pair of gloves
Will    +....                   (no boots)
Stlth   +.........              f - amulet of the acrobat
HPRegen 1.03/turn               F - ring of protection from cold
MPRegen 0.12/turn               (no ring)

@: mighty
A: permanent stasis, dig shafts and tunnels, antennae 3, four strong arms
a: Dig, Shaft Self, Renounce Religion, Potion Petition, Call Merchant, Bribe
Branch


You were on level 8 of the Dungeon.
You worshipped Gozag.
Gozag was most pleased with you.
You visited 2 branches of the dungeon, and saw 10 of its levels.

You collected 1095 gold pieces.
You paid 78 gold pieces to Gozag.

Inventory:

Hand Weapons
 b - a +2 trident of flaming
   (You took it off Terence on level 3 of the Dungeon)
 H - a +4 dire flail
   (You took it off a wight on level 9 of the Dungeon)
 J - a +0 lajatang (weapon)
   (You found it on level 6 of the Dungeon)
Missiles
 e - 8 boomerangs
 o - 16 poisoned darts
 w - 2 curare-tipped darts (quivered)
 I - 3 javelins
Armour
 h - a +1 pair of gloves (worn)
   (You found it on level 3 of the Dungeon)
 p - a +0 troll leather armour (worn) {Pargi}
   (You found it on level 3 of the Dungeon)
 A - a +0 kite shield (worn)
   (You found it on level 6 of the Dungeon)
Jewellery
 f - an amulet of the acrobat (around neck)
   (You found it on level 1 of the Dungeon)
 F - a ring of protection from cold (left hand)
   (You found it on level 8 of the Dungeon)
Wands
 q - a wand of digging (4)
   (You found it on level 5 of the Dungeon)
 x - a wand of flame (55)
   (You took it off Ijyb on level 4 of the Dungeon)
 z - a wand of iceblast (12)
   (You found it on level 5 of the Dungeon)
Scrolls
 a - a scroll of magic mapping {unknown}
 j - a scroll of enchant armour
 m - a scroll of noise {unknown}
 r - a scroll of brand weapon {unknown}
 v - a scroll of fear {unknown}
 y - a scroll of immolation {unknown}
 D - 2 scrolls of fog {unknown}
Potions
 d - a potion of might
 g - 2 potions of flight
 k - 2 potions of attraction {!q}
 l - a potion of resistance
 n - a potion of berserk rage {unknown}
 s - a potion of curing {@q1}
 u - 3 potions of lignification {unknown}
 B - a potion of experience {unknown}
 C - 2 potions of degeneration {unknown}
 E - a potion of cancellation {unknown}
 G - 2 potions of mutation {unknown}
Miscellaneous
 i - a condenser vane
   (You found it on level 9 of the Dungeon)


   Skills:
 * Level 9.5 Fighting
 - Level 3.8(5.9) Polearms
 * Level 7.0(7.5) Staves
 + Level 6.9 Armour
 - Level 5.0 Dodging
 + Level 7.7 Shields


You had 9 spell levels left.
You didn't know any spells.
Your spell library contained the following spells:

 Spells                   Type           Power      Damage    Failure   Level
 Animate Skeleton         Necr           0%         N/A       67%         1
 Apportation              Tloc           0%         N/A       67%         1
 Sandblast                Erth           0%         2d4       67%         1
 Summon Small Mammal      Summ           0%         N/A       67%         1
 Passwall                 Tmut/Erth      0%         N/A       80%         2
 Lesser Beckoning         Tloc           0%         N/A       95%         3
 Stone Arrow              Conj/Erth      0%         3d7       95%         3
 Alistair's Intoxication  Tmut/Pois      0%         N/A       100%        5
 Manifold Assault         Tloc           0%         N/A       100%        5
 Blink                    Tloc           Unusable   N/A       N/A         2

Dungeon Overview and Level Annotations

Branches:
Dungeon (9/15)             Temple (1/1) D:5
   Lair: D:8-11         Orc: D:9-12

Altars:
Ashenzari
Cheibriados
Dithmenos
Elyvilon
Fedhas
Gozag
Hepliaklqana
Kikubaaqudgha
Makhleb
Nemelex Xobeh
Okawaru
Qazlal
Ru
Sif Muna
Uskayaw
Vehumet
Wu Jian
Xom
Zin

Annotations:
D:7 3 runed translucent doors, dangdung's ghost, novice OpTm


Innate Abilities, Weirdness & Mutations

You cannot be hasted, slowed, berserked, paralysed or teleported.
You can dig through walls and to a lower floor.
You have a pair of large antennae on your head. (SInv)
Your four strong arms can wield two-handed weapons with a shield.


Message History

You see here a +0 robe.
You see here a scroll of blinking.
Items here: ))) [[[.
There is an open door here.
There is a stone staircase leading up here.
You climb upwards.
There is a stone staircase leading down here.
There is a stone staircase leading down here.
You climb downwards.
You block the skeletal warrior's attack.
There is a stone staircase leading up here.
You block the skeletal warrior's attack.
You climb upwards.
There is a stone staircase leading down here.
You see here a wand of polymorph (7).
Things that are here:
a +0 robe; a +3 battleaxe
There is a stone staircase leading down, spattered with blood here.
You climb downwards.
There is a stone staircase leading up here.
There is an open door here.
There is an open door here.
There is a stone staircase leading down here.
The skeletal warrior hits you but does no damage.
The skeletal warrior misses you.
You block the skeletal warrior's attack.
There is a stone staircase leading up here.
There is a stone staircase leading up here.
The skeletal warrior closely misses you.
You climb upwards.
There is a stone staircase leading down here.
You hit the skeletal warrior but do no damage.
The skeletal warrior hits you with a +0 trident.
The skeletal warrior hits you with a +0 trident!!
You barely miss the skeletal warrior.
You block the skeletal warrior's attack.
You barely miss the skeletal warrior.
You block the skeletal warrior's attack.
You barely miss the skeletal warrior.
The skeletal warrior hits you with a +0 trident!!
You hit the skeletal warrior but do no damage.
The skeletal warrior hits you with a +0 trident.
* * * LOW HITPOINT WARNING * * *
The skeletal warrior closely misses you.
The floor.
You see here a scroll of teleportation {@r4}.
The skeletal warrior hits you from afar with a +0 trident!!
Okay, then.
There is a stone staircase leading up here.
You block the skeletal warrior's attack.
You climb upwards.
Level annotation: 3 runed translucent doors, dangdung's ghost, novice OpTm
There is a stone staircase leading down here.
You see here 18 stones.
There is a stone staircase leading down here.
You climb downwards.
There is a stone staircase leading up here.
Things that are here:
a +0 robe; a +3 great sword
There is a stone staircase leading down, spattered with blood here.
You climb downwards.
There is a stone staircase leading up here.
There is an open door here.
There is an open door here.
There is an open door here.
There is an open door here.
There is an open door here.
There is an open door here.
There is an open door here.
There is an open door here.
There is a stone staircase leading up here.
There is a stone staircase leading up here.
You block the skeletal warrior's attack.
You climb upwards.
There is a stone staircase leading down, spattered with blood here.
There is a stone staircase leading down here.
You hit the skeletal warrior but do no damage.
The skeletal warrior closely misses you.
You hit the skeletal warrior. You burn the skeletal warrior.
The skeletal warrior hits you with a +0 short sword.
You closely miss the skeletal warrior.
You block the skeletal warrior's attack.
You hit the skeletal warrior but do no damage.
The skeletal warrior barely misses you.
You hit the skeletal warrior but do no damage.
The skeletal warrior closely misses you.
You hit the skeletal warrior but do no damage.
The skeletal warrior closely misses you.
You hit the skeletal warrior. You burn the skeletal warrior.
You block the skeletal warrior's attack.
You hit the skeletal warrior. You burn the skeletal warrior.
The skeletal warrior hits you with a +0 short sword!
You hit the skeletal warrior but do no damage.
The skeletal warrior barely misses you.
The skeletal warrior hits you with a +0 short sword!
You hit the skeletal warrior. You burn the skeletal warrior.
The skeletal warrior misses you.
You closely miss the skeletal warrior.
The skeletal warrior hits you with a +0 short sword!
You hit the skeletal warrior but do no damage.
The skeletal warrior hits you with a +0 short sword.
Your +2 trident of flaming stops flaming.
J - a +0 lajatang (weapon)
The skeletal warrior hits you with a +0 short sword!
You closely miss the skeletal warrior.
The skeletal warrior hits you with a +0 short sword.
You barely miss the skeletal warrior.
The skeletal warrior completely misses you.
You barely miss the skeletal warrior.
The skeletal warrior hits you with a +0 short sword!
You slice the skeletal warrior!!
The skeletal warrior hits you with a +0 short sword.
You hit the skeletal warrior but do no damage.
The skeletal warrior closely misses you.
You closely miss the skeletal warrior.
The skeletal warrior hits you with a +0 short sword!!
* * * LOW HITPOINT WARNING * * *
You feel much better.
The skeletal warrior hits you but does no damage.
You feel very mighty all of a sudden.
The skeletal warrior hits you with a +0 short sword.
You barely miss the skeletal warrior.
The skeletal warrior hits you with a +0 short sword!!
* * * LOW HITPOINT WARNING * * *
You barely miss the skeletal warrior.
You block the skeletal warrior's attack.
The skeletal warrior hits you with a +0 short sword.
* * * LOW HITPOINT WARNING * * *
You barely miss the skeletal warrior.
The skeletal warrior closely misses you.
You hit the skeletal warrior.
The skeletal warrior hits you with a +0 short sword!!
* * * LOW HITPOINT WARNING * * *
You feel much better.
The skeletal warrior hits you with a +0 short sword!
* * * LOW HITPOINT WARNING * * *
You slash the skeletal warrior!
The skeletal warrior completely misses you.
You closely miss the skeletal warrior.
You block the skeletal warrior's attack.
Okay, then.
Here: a skeletal warrior, wielding a +0 short sword (heavily damaged)
The floor.
Unknown command.
Okay, then.
You hit the skeletal warrior. The skeletal warrior barely misses you.
You barely miss the skeletal warrior.
The skeletal warrior hits you with a +0 short sword!!
You die...
Your body crumbles into a pile of gold.

###### ##....##
#......#
##......##
#####..@.....#
##...[.z......#
#............##
#.....########
##....##
#.....# #.....#
##....##
#.....#


You could see a skeletal warrior.

Vanquished Creatures
  A two-headed ogre (D:9)
  Maggie (D:7)
  A hornet (D:9)
  A yak (D:9)
  A wyvern (D:9)
  A water moccasin (D:8)
  An orc warrior (D:7)
  Pargi (D:3)
  5 sky beasts
  2 necrophages (D:5)
  3 centaurs
  A phantom (D:5)
  2 gnoll sergeants
  3 bullfrogs
  A water moccasin zombie (D:5)
  2 scorpions
  A water moccasin skeleton (D:5)
  4 killer bees (D:9)
  9 wights
  A centaur zombie (D:5)
  A hound (D:5)
  3 gnoll shamans
  3 orc priests
  A bullfrog skeleton (D:5)
  Ijyb (D:4)
  5 orc wizards
  Terence (D:3)
  A killer bee zombie (D:7)
  A hound skeleton (D:4)
  A howler monkey zombie (D:7)
  9 adders
  17 gnolls
  A shadow imp (D:6)
  2 white imps (D:7)
  An ufetubus (D:6)
  2 worms
  4 dart slugs
  29 orcs
  10 ball pythons
  5 endoplasms
  3 giant cockroaches
  9 goblins
  5 hobgoblins
  4 jackals (D:1)
  A quokka (D:4)
  7 bats
  6 frilled lizards
  8 kobolds
  4 rats
187 creatures vanquished.

Notes
Turn   | Place    | Note
-------+----------+-------------------------------------------
     0 | D:1      | CryoSword the Formicid Fighter began the quest for the Orb.
     0 | D:1      | Reached XP level 1. HP: 18/18 MP: 1/1
   242 | D:1      | Reached XP level 2. HP: 24/24 MP: 2/2
   686 | D:1      | Reached XP level 3. HP: 29/29 MP: 3/3
  1196 | D:2      | Found a faded altar of an unknown god.
  1296 | D:2      | Reached skill level 1 in Dodging
  1296 | D:2      | Reached XP level 4. HP: 35/37 MP: 4/4
  1718 | D:2      | Reached skill level 4 in Fighting
  2426 | D:3      | Noticed Pargi
  2436 | D:3      | Killed Pargi
  2437 | D:3      | Reached XP level 5. HP: 39/43 MP: 5/5
  2648 | D:3      | Noticed Terence
  2688 | D:3      | Killed Terence
  2689 | D:3      | Reached XP level 6. HP: 30/49 MP: 6/6
  3224 | D:4      | Reached skill level 5 in Fighting
  3249 | D:4      | Noticed Ijyb
  3269 | D:4      | Killed Ijyb
  3603 | D:4      | Found a hide-covered altar of Uskayaw.
  3628 | D:4      | Noticed a +0 hand axe
  3635 | D:4      | Noticed a +0 dagger
  3679 | D:5      | Entered Level 5 of the Dungeon
  3719 | D:5      | Noticed a necrophage
  3759 | D:4      | Reached XP level 7. HP: 23/56 MP: 7/7
  3960 | D:5      | Reached skill level 5 in Shields
  4118 | D:5      | Reached XP level 8. HP: 40/64 MP: 8/8
  4190 | D:5      | Reached skill level 6 in Fighting
  4289 | D:5      | Reached skill level 5 in Staves
  4471 | D:5      | Reached skill level 5 in Armour
  4556 | D:5      | Found a staircase to the Ecumenical Temple.
  4560 | Temple   | Entered the Ecumenical Temple
  4735 | Temple   | Became a worshipper of Gozag Ym Sagoz the Greedy
  5904 | D:7      | Reached skill level 7 in Fighting
  5904 | D:7      | Reached XP level 9. HP: 64/72 MP: 9/9
  6036 | D:7      | Noticed Maggie
  6210 | D:7      | Killed Maggie
  6322 | D:7      | Found a runed translucent gate.
  6323 | D:7      | Found a runed translucent gate.
  6325 | D:7      | Found a runed translucent gate.
  6328 | D:7      | Noticed dangdung's ghost (novice OpTm)
  6647 | D:7      | Reached skill level 1 in Polearms
  6753 | D:7      | Reached skill level 8 in Fighting
  7682 | D:8      | Reached XP level 10. HP: 73/77 MP: 10/10
  7781 | D:9      | Noticed a skeletal warrior
  7782 | D:9      | Noticed a skeletal warrior
  7782 | D:9      | Noticed a skeletal warrior
  8133 | D:9      | Reached skill level 9 in Fighting
  8571 | D:9      | Noticed a skeletal warrior
  8571 | D:9      | Noticed a skeletal warrior
  8842 | D:9      | Noticed a two-headed ogre
  8860 | D:9      | Killed a two-headed ogre
  8861 | D:9      | Reached skill level 5 in Dodging
  9281 | D:8      | Slain by a skeletal warrior

Illustrated notes

Levels and vault maps discovered:
D:1:      dpeg_arrival_brainrot, layout_loops_ring, hangedman_decor_peaks_small,
          minmay_unequal
D:2:      layout_basic, hellmonk_ecumenical_altar_inner_sanctum
D:3:      minmay_chambers_of_twos, layout_loops_corners, uniq_pargi,
          uniq_terence
D:4:      layout_rooms, dancing_weapons_uskayaw, uniq_ijyb
D:5:      layout_basic, temple_hall_moat, grunt_decor_fettered,
          serial_park_tiny_2
D:6:      layout_basic, st_stairs_14, minmay_misc_feat_square,
          kennysheep_generic_room_11
D:7:      layout_loops_ring, ebering_ghost_rock_garden, uniq_maggie
D:8:      layout_cave_pods
D:9:      layout_roguey, kennysheep_generic_room_7
Temple:   mainiacjoe_temple_starburst

Skill      XL: |  1  2  3  4  5  6  7  8  9 10 |
---------------+-------------------------------+-----
Dodging        | 1 2 3 4 5 |  5.0
Fighting       | 4 5 7 8 9 |  9.5
Shields        | 4 5 6 7 |  7.7
Staves         | 3 4 5 6 7 |  7.0
Armour         | 4 5 6 |  6.9
Polearms       | 2 3 |  3.8

Action                   |  1- 3 |  4- 6 |  7- 9 | 10-12 || total
-------------------------+-------+-------+-------+-------++-------
Melee: Quarterstaff      |    90 |    69 |       |       ||   159
       Trident           |       |   110 |   231 |    22 ||   363
       Halberd           |       |       |    89 |    86 ||   175
       Dire flail        |       |       |       |    52 ||    52
       Lajatang          |       |       |       |    14 ||    14
Throw: Dart              |       |     4 |       |     1 ||     5
 Abil: Dig               |       |       |     1 |       ||     1
  Use: Scroll            |       |     3 |     2 |     3 ||     8
       Potion            |       |     1 |       |     5 ||     6
 Stab: Distracted        |       |       |     2 |       ||     2
Armor: Scale mail        |    52 |    12 |       |       ||    64
       Troll leather arm |       |    34 |    78 |    25 ||   137
Dodge: Dodged            |    65 |    82 |   164 |   111 ||   422
Block: Buckler           |    24 |    30 |    32 |       ||    86
       Kite shield       |       |       |    62 |   103 ||   165
